 Dungeon Crawl Stone Soup version 0.29.0-5-ge4962eb29e (webtiles) character file.

Game seed: 439957909553459291

5 FluffGlitter the Firebug (level 1, -6/10 HPs)
             Began as a Deep Elf Fire Elementalist on Aug 28, 2022.
             Mangled by a gnoll
             ... wielding a +0 flail
              (9 damage)
             ... on level 1 of the Dungeon.
             The game lasted 00:02:08 (381 turns).

FluffGlitter the Firebug (DEFE)                      Turns: 381, Time: 00:02:09

Health: -6/10      AC:  2    Str:  5    XL:     1   Next: 66%
Magic:  2/6        EV: 12    Int: 19    God:
Gold:   47         SH:  0    Dex: 15    Spells: 5/6 levels left

rFire   . . .      SeeInvis .   a - +0 dagger
rCold   . . .      Faith    .   (no shield)
rNeg    . . .      Spirit   .   d - +0 robe
rPois   .          Reflect  .   (no helmet)
rElec   .          Harm     .   (no cloak)
rCorr   .          Rampage  .   (no gloves)
Will    .....                   (no boots)
Stlth   ++........              (no amulet)
HPRegen 0.03/turn               (no ring)
MPRegen 0.10/turn               (no ring)

@: no status effects
A: no striking features
a: no special abilities


You were on level 1 of the Dungeon.
You visited 1 branch of the dungeon, and saw 2 of its levels.

You collected 47 gold pieces.

Inventory:

Hand Weapons
 a - a +0 dagger (weapon)
Armour
 d - a +0 robe (worn)
Scrolls
 c - a scroll of fear {unknown}
 f - a scroll of brand weapon {unknown}
 g - a scroll of teleportation {unknown}
 h - a scroll of torment {unknown}
 j - a scroll of poison {unknown}
Potions
 b - a potion of magic
 e - a potion of cancellation {unknown}
 i - a potion of degeneration {unknown}


   Skills:
 - Level 2.4 Dodging
 - Level 2.4 Stealth
 + Level 3.2 Spellcasting
 + Level 1.4 Conjurations
 + Level 3.4 Fire Magic


You had 5 spell levels left.
You knew the following spells:

 Your Spells              Type           Power      Damage    Failure   Level
a - Foxfire               Conj/Fire      48%        2x1d6     5%          1

Your spell library contained the following spells:

 Spells                   Type           Power      Damage    Failure   Level
 Scorch                   Fire           32%        2d6       5%          2
 Summon Small Mammal      Summ           12%        N/A       16%         1
 Conjure Flame            Conj/Fire      12%        6-21      17%         3
 Inner Flame              Hex/Fire       9%         N/A       22%         3
 Call Canine Familiar     Summ           3%         N/A       41%         3
 Summon Guardian Golem    Hex/Summ       3%         N/A       41%         3
 Flame Wave               Conj/Fire      12%        2d6       50%         4


Dungeon Overview and Level Annotations

Branches:
Dungeon (2/15)

Altars:


Message History

You start resting.
Magic restored.
You see here a +0 dagger.
Found a stone staircase leading down.
There is a stone staircase leading down here.
You climb downwards.
Found a scroll labelled CUMAYMA PESUYGH.
Found an escape hatch in the ceiling.
There is a stone staircase leading up here.
Casting: Foxfire (safe; 5% risk of failure)
Confirm with . or Enter, or press ? or * to list all spells.
You conjure some foxfire!
The gnoll shouts! x3
A gnoll comes into view. It is wielding a +0 flail.
Casting: Foxfire (safe; 5% risk of failure)
Confirm with . or Enter, or press ? or * to list all spells.
You conjure some foxfire!
The foxfire hits the gnoll but does no damage.
The foxfire hits the frilled lizard.
You kill the frilled lizard!
Casting: Foxfire (safe; 5% risk of failure)
Confirm with . or Enter, or press ? or * to list all spells.
You conjure some foxfire!
The foxfire hits the gnoll.
The gnoll is lightly wounded.
The foxfire hits the gnoll.
The gnoll is moderately wounded.
The foxfire hits the gnoll but does no damage.
The gnoll is moderately wounded.
The gnoll hits you from afar with a +0 spear.
The foxfire hits the gnoll.
The gnoll is heavily wounded.
The gnoll hits you from afar with a +0 spear.
* * * LOW HITPOINT WARNING * * *
You climb upwards.
There is a stone staircase leading down here.
Casting: Foxfire (safe; 5% risk of failure)
Confirm with . or Enter, or press ? or * to list all spells.
You conjure some foxfire!
The gnoll hits you with a +0 flail!
Ouch! That really hurt!
You die...

... ... .....##.....###.
.... #.###... ###.#.#...
....##..##.#. #...#.##
.........#.#.. #.###.#
...........##.###.# ..#
........#..##.....##.#
........#............#
......g.##.#.........##.
####..v@##.#.........##.
#..v.##.#....#.....##
#######...##.....#...
####..####......##
######.....##........#.
.....................##
.....................#
....................[#
.....................#


You could see a gnoll (ally target).

Vanquished Creatures
  An endoplasm (D:1)
  2 goblins (D:1)
  2 frilled lizards (D:2)
5 creatures vanquished.

Vanquished Creatures (others)
  19 foxfires
19 creatures vanquished.

Grand Total: 24 creatures vanquished

Notes
Turn   | Place    | Note
-------+----------+-------------------------------------------
     0 | D:1      | FluffGlitter the Deep Elf Fire Elementalist began the quest
                  | for the Orb.
     0 | D:1      | Reached XP level 1. HP: 10/10 MP: 6/6
   381 | D:1      | Mangled by a gnoll

Illustrated notes

Levels and vault maps discovered:
D:1:      matt_arrival_spirals, layout_rooms, corexii_hall_statues_l,
          minmay_misc_feat_plants, hangedman_decor_growths,
          kennysheep_minor_cross
D:2:      layout_basic

Action                   || total
-------------------------++-------
 Cast: Foxfire           ||    11
